[ AOE2 MATCH · #476939464 ]
UnrankedKhitans vs Romans
Player's team · WIN
Rival team · LOSS
[ REPLAY ANALYSIS · EXTRACTED FROM THE RECORDED GAME ]
Feudal
9:15
Castle
19:54
Imperial
35:32
| APM avg | 62.0 |
| APM peak | 90 |
| eAPM avg | 35.7 |
| Villagers / military | 150 / 326 |
Focus
⚔️ 62.0% · 🌾 38.0%
Scout Cavalry ×174 · Spearman ×104 · Archer ×23 · Steppe Lancer ×17 · Trebuchet (Packed) ×5 · Militia ×2
Feudal
8:54
Castle
20:47
Imperial
—
| APM avg | 75.6 |
| APM peak | 142 |
| eAPM avg | 46.4 |
| Villagers / military | 206 / 91 |
Focus
⚔️ 66.3% · 🌾 33.7%
Centurion ×53 · Skirmisher ×19 · Scorpion ×11 · Militia ×4 · Monk ×3 · Spearman ×1
Match map
Initial resources + every placement click. Lines = walls · curves = elevation contours. ◆ gold · ⬟ stone · ● berries · ✦ relic · ◌ wall gap
Your base· Open — opponent sealed themselves in
DS_The Answer's base· ✓ Closed at 20:47 · 37t walls · no gate
Smoothed initial terrain · ◌ = detected wall gap · hover for details
Inputs per minute
— Shoko - - DS_The Answer
Build order — Shoko
First 150 of 482 actions detected
| 0:00 | Queue | Villager (Male) |
| 0:00 | Queue | Villager (Male) |
| 0:01 | Build | House |
| 0:02 | Build | House |
| 0:04 | Queue | Villager (Male) |
| 0:04 | Queue | Villager (Male) |
| 1:24 | Queue | Villager (Male) |
| 1:24 | Queue | Villager (Male) |
| 1:24 | Queue | Villager (Male) |
| 1:46 | Build | Lumber Camp |
| 1:53 | Queue | Villager (Male) |
| 2:05 | Queue | Villager (Male) |
| 2:39 | Queue | Villager (Male) |
| 2:39 | Queue | Villager (Male) |
| 2:54 | Queue | Villager (Male) |
| 2:54 | Queue | Villager (Male) |
| 3:26 | Queue | Villager (Male) |
| 3:40 | Queue | Villager (Male) |
| 3:53 | Build | House |
| 3:55 | Build | House |
| 3:58 | Queue | Villager (Male) |
| 4:18 | Queue | Villager (Male) |
| 4:18 | Queue | Villager (Male) |
| 4:46 | Queue | Villager (Male) |
| 4:46 | Queue | Villager (Male) |
| 4:50 | Build | Palisade Wall |
| 5:35 | Queue | Villager (Male) |
| 5:35 | Queue | Villager (Male) |
| 5:41 | Build | Mining Camp |
| 6:02 | Research | Loom |
| 6:07 | Queue | Villager (Male) |
| 6:08 | Research | Loom |
| 6:52 | Research | Feudal Age |
| 7:26 | Build | Palisade Wall |
| 7:57 | Build | Palisade Wall |
| 8:04 | Build | Barracks |
| 8:09 | Build | Barracks |
| 8:30 | Queue | Villager (Male) |
| 8:30 | Queue | Villager (Male) |
| 9:15 | Age | Feudal Age |
| 9:17 | Build | Archery Range |
| 9:19 | Queue | Villager (Male) |
| 9:30 | Build | House |
| 9:36 | Research | Double-Bit Axe |
| 9:49 | Queue | Villager (Male) |
| 9:52 | Build | House |
| 10:10 | Build | House |
| 10:11 | Queue | Archer |
| 10:11 | Queue | Archer |
| 10:16 | Build | Blacksmith |
| 10:45 | Queue | Villager (Male) |
| 10:52 | Build | Mill |
| 10:55 | Build | Mill |
| 10:58 | Queue | Villager (Male) |
| 11:04 | Queue | Archer |
| 11:07 | Queue | Villager (Male) |
| 11:12 | Build | Palisade Wall |
| 11:13 | Build | Palisade Wall |
| 11:16 | Build | House |
| 11:27 | Queue | Villager (Male) |
| 11:39 | Build | Pasture |
| 11:45 | Build | Palisade Wall |
| 11:53 | Build | Pasture |
| 12:38 | Queue | Archer |
| 12:39 | Queue | Villager (Male) |
| 12:41 | Research | Fletching |
| 12:46 | Build | Pasture |
| 13:02 | Build | Pasture |
| 13:05 | Queue | Villager (Male) |
| 13:05 | Queue | Villager (Male) |
| 13:05 | Queue | Villager (Male) |
| 13:13 | Queue | Archer |
| 13:14 | Queue | Archer |
| 13:24 | Queue | Villager (Male) |
| 13:41 | Queue | Villager (Male) |
| 13:51 | Build | House |
| 13:55 | Build | House |
| 13:56 | Build | House |
| 14:23 | Queue | Archer |
| 14:24 | Queue | Villager (Male) |
| 14:26 | Build | Pasture |
| 14:38 | Build | Pasture |
| 14:56 | Queue | Villager (Male) |
| 14:58 | Build | Pasture |
| 15:06 | Queue | Archer |
| 15:16 | Build | House |
| 15:30 | Queue | Villager (Male) |
| 15:50 | Queue | Villager (Male) |
| 15:53 | Build | Pasture |
| 15:58 | Build | Pasture |
| 16:03 | Queue | Villager (Male) |
| 16:07 | Queue | Archer |
| 16:25 | Queue | Villager (Male) |
| 16:28 | Build | House |
| 16:29 | Build | House |
| 16:29 | Build | House |
| 16:30 | Build | House |
| 16:39 | Queue | Archer |
| 17:04 | Research | Castle Age |
| 17:17 | Build | Palisade Wall |
| 17:30 | Build | Archery Range |
| 17:43 | Research | Tech 1014 |
| 17:52 | Research | Gold Mining |
| 18:14 | Queue | Archer |
| 18:14 | Queue | Archer |
| 18:32 | Queue | Archer |
| 18:32 | Queue | Archer |
| 18:36 | Research | Padded Archer Armor |
| 18:46 | Build | House |
| 18:46 | Build | House |
| 18:48 | Build | House |
| 18:49 | Build | Palisade Wall |
| 19:05 | Queue | Spearman |
| 19:05 | Research | Arson |
| 19:05 | Research | Arson |
| 19:29 | Queue | Archer |
| 19:30 | Queue | Archer |
| 19:30 | Queue | Villager (Male) |
| 19:33 | Queue | Archer |
| 19:33 | Queue | Archer |
| 19:34 | Queue | Archer |
| 19:54 | Age | Castle Age |
| 19:58 | Build | Town Center |
| 19:59 | Research | Bodkin Arrow |
| 20:00 | Research | Crossbowman (upgrade) |
| 20:03 | Queue | Villager (Male) |
| 20:17 | Queue | Villager (Male) |
| 20:38 | Queue | Villager (Male) |
| 20:39 | Queue | Archer |
| 20:54 | Queue | Villager (Male) |
| 21:10 | Queue | Villager (Male) |
| 21:20 | Queue | Villager (Male) |
| 21:29 | Queue | Villager (Male) |
| 21:29 | Research | Bow Saw |
| 21:35 | Queue | Villager (Male) |
| 21:36 | Queue | Villager (Male) |
| 21:54 | Build | Pasture |
| 22:04 | Queue | Villager (Male) |
| 22:24 | Build | Stable |
| 22:26 | Queue | Archer |
| 22:26 | Queue | Archer |
| 22:36 | Queue | Villager (Male) |
| 22:40 | Research | Scale Barding Armor |
| 22:40 | Research | Forging |
| 22:46 | Build | Pasture |
| 22:49 | Build | Pasture |
| 22:51 | Queue | Villager (Male) |
| 22:56 | Queue | Villager (Male) |
| 22:56 | Queue | Villager (Male) |
| 23:04 | Build | Lumber Camp |
Build order — DS_The Answer
First 150 of 511 actions detected
| 0:00 | Queue | Villager (Male) |
| 0:01 | Queue | Villager (Male) |
| 0:01 | Queue | Villager (Male) |
| 0:01 | Queue | Villager (Male) |
| 0:02 | Build | House |
| 0:04 | Build | House |
| 1:25 | Queue | Villager (Male) |
| 1:49 | Queue | Villager (Male) |
| 1:58 | Build | Lumber Camp |
| 2:16 | Queue | Villager (Male) |
| 2:46 | Queue | Villager (Male) |
| 3:02 | Queue | Villager (Male) |
| 3:42 | Queue | Villager (Male) |
| 3:45 | Queue | Villager (Male) |
| 3:49 | Build | House |
| 3:53 | Build | House |
| 4:07 | Queue | Villager (Male) |
| 4:16 | Queue | Villager (Male) |
| 4:40 | Queue | Villager (Male) |
| 4:54 | Build | Barracks |
| 4:59 | Queue | Villager (Male) |
| 5:10 | Queue | Villager (Male) |
| 5:18 | Queue | Villager (Male) |
| 5:32 | Research | Loom |
| 5:37 | Build | House |
| 6:44 | Research | Feudal Age |
| 7:00 | Queue | Militia |
| 7:00 | Queue | Militia |
| 7:10 | Build | Mining Camp |
| 7:16 | Queue | Militia |
| 7:42 | Queue | Militia |
| 8:06 | Build | House |
| 8:07 | Build | Palisade Wall |
| 8:28 | Queue | Villager (Male) |
| 8:49 | Build | Mill |
| 8:54 | Age | Feudal Age |
| 8:55 | Research | Man-at-Arms (upgrade) |
| 9:05 | Build | Blacksmith |
| 9:17 | Queue | Villager (Male) |
| 9:33 | Build | Archery Range |
| 9:37 | Queue | Villager (Male) |
| 9:46 | Queue | Villager (Male) |
| 9:51 | Queue | Villager (Male) |
| 10:10 | Build | House |
| 10:11 | Queue | Skirmisher |
| 10:12 | Queue | Skirmisher |
| 10:17 | Research | Double-Bit Axe |
| 10:21 | Queue | Villager (Male) |
| 10:24 | Queue | Skirmisher |
| 10:51 | Build | Palisade Wall |
| 10:58 | Queue | Skirmisher |
| 11:00 | Queue | Villager (Male) |
| 11:07 | Build | Farm |
| 11:36 | Queue | Skirmisher |
| 11:38 | Queue | Villager (Male) |
| 11:39 | Build | Farm |
| 11:46 | Build | House |
| 11:54 | Queue | Skirmisher |
| 11:54 | Queue | Villager (Male) |
| 12:00 | Build | Farm |
| 12:30 | Queue | Villager (Male) |
| 12:30 | Queue | Skirmisher |
| 12:31 | Queue | Villager (Male) |
| 12:32 | Build | Farm |
| 12:34 | Build | Farm |
| 12:43 | Build | Palisade Wall |
| 12:47 | Queue | Spearman |
| 12:51 | Build | Farm |
| 12:59 | Build | Palisade Wall |
| 13:09 | Queue | Villager (Male) |
| 13:10 | Build | House |
| 13:14 | Build | Farm |
| 13:24 | Queue | Villager (Male) |
| 13:30 | Build | House |
| 13:31 | Build | Palisade Wall |
| 13:36 | Queue | Villager (Male) |
| 13:51 | Queue | Villager (Male) |
| 13:53 | Build | Farm |
| 13:58 | Build | Blacksmith |
| 14:03 | Queue | Skirmisher |
| 14:26 | Queue | Villager (Male) |
| 14:39 | Build | House |
| 14:41 | Research | Padded Archer Armor |
| 14:41 | Research | Padded Archer Armor |
| 14:45 | Build | Farm |
| 14:48 | Build | Farm |
| 14:50 | Build | Farm |
| 14:55 | Build | Farm |
| 15:03 | Queue | Villager (Male) |
| 15:06 | Build | House |
| 15:09 | Build | Palisade Wall |
| 15:15 | Queue | Villager (Male) |
| 15:24 | Build | Farm |
| 15:39 | Build | Palisade Wall |
| 15:54 | Queue | Villager (Male) |
| 15:59 | Build | House |
| 16:00 | Build | Farm |
| 16:12 | Build | Farm |
| 16:29 | Queue | Villager (Male) |
| 16:40 | Build | House |
| 16:46 | Build | Palisade Wall |
| 17:04 | Queue | Villager (Male) |
| 17:13 | Build | Palisade Wall |
| 17:26 | Queue | Villager (Male) |
| 18:07 | Research | Castle Age |
| 18:08 | Research | Castle Age |
| 18:27 | Research | Fletching |
| 18:27 | Research | Fletching |
| 18:35 | Research | Fletching |
| 18:35 | Research | Fletching |
| 18:37 | Queue | Skirmisher |
| 18:38 | Queue | Skirmisher |
| 18:58 | Build | Lumber Camp |
| 19:19 | Queue | Villager (Male) |
| 19:20 | Research | Gold Mining |
| 19:21 | Research | Gold Mining |
| 19:24 | Queue | Skirmisher |
| 19:42 | Queue | Skirmisher |
| 19:48 | Build | Farm |
| 19:52 | Build | Farm |
| 19:53 | Build | Farm |
| 19:55 | Build | Farm |
| 20:01 | Build | House |
| 20:02 | Build | House |
| 20:05 | Build | House |
| 20:07 | Build | Palisade Wall |
| 20:12 | Build | House |
| 20:13 | Build | House |
| 20:19 | Build | Farm |
| 20:20 | Research | Horse Collar |
| 20:20 | Research | Horse Collar |
| 20:38 | Build | House |
| 20:39 | Build | House |
| 20:47 | Age | Castle Age |
| 20:48 | Research | Bodkin Arrow |
| 20:50 | Research | Elite Skirmisher (upgrade) |
| 20:50 | Research | Elite Skirmisher (upgrade) |
| 20:53 | Queue | Villager (Male) |
| 21:10 | Build | University |
| 21:20 | Queue | Villager (Male) |
| 21:33 | Research | Leather Archer Armor |
| 21:38 | Queue | Villager (Male) |
| 21:40 | Build | Farm |
| 21:40 | Queue | Villager (Male) |
| 21:44 | Queue | Villager (Male) |
| 21:55 | Build | House |
| 22:04 | Queue | Villager (Male) |
| 22:23 | Research | Ballistics |
| 22:33 | Queue | Villager (Male) |
| 22:35 | Build | House |
Match timeline
| 4:50 | Shoko · wall_segment Palisade Wall x5 |
| 4:54 | DS_The Answer · first_building Barracks |
| 7:26 | Shoko · wall_segment Palisade Wall x18 |
| 7:57 | Shoko · wall_segment Palisade Wall x6 |
| 8:04 | Shoko · first_building Barracks |
| 8:07 | DS_The Answer · wall_segment Palisade Wall x1 |
| 8:54 | DS_The Answer · age_up feudal |
| 9:15 | Shoko · age_up feudal |
| 9:17 | Shoko · first_building Archery Range |
| 9:33 | DS_The Answer · first_building Archery Range |
| 10:51 | DS_The Answer · wall_segment Palisade Wall x8 |
| 11:12 | Shoko · wall_segment Palisade Wall x1 |
| 11:13 | Shoko · wall_segment Palisade Wall x1 |
| 11:45 | Shoko · wall_segment Palisade Wall x5 |
| 12:43 | DS_The Answer · wall_segment Palisade Wall x6 |
| 12:59 | DS_The Answer · wall_segment Palisade Wall x6 |
| 13:31 | DS_The Answer · wall_segment Palisade Wall x1 |
| 15:09 | DS_The Answer · wall_segment Palisade Wall x11 |
| 15:39 | DS_The Answer · wall_segment Palisade Wall x1 |
| 16:46 | DS_The Answer · wall_segment Palisade Wall x1 |
| 17:13 | DS_The Answer · wall_segment Palisade Wall x1 |
| 17:17 | Shoko · wall_segment Palisade Wall x1 |
| 18:49 | Shoko · wall_segment Palisade Wall x1 |
| 19:54 | Shoko · age_up castle |
| 20:07 | DS_The Answer · wall_segment Palisade Wall x1 |
| 20:47 | DS_The Answer · age_up castle |
| 22:24 | Shoko · first_building Stable |
| 26:49 | DS_The Answer · first_building Monastery |
| 28:10 | Shoko · first_building Monastery |
| 29:22 | DS_The Answer · first_building Castle |
| 31:17 | DS_The Answer · first_building Stable |
| 32:19 | Shoko · first_market_sell 100 food |
| 33:33 | Shoko · first_building Castle |
| 35:32 | Shoko · age_up imperial |
| 38:18 | Shoko · wall_segment Stone Wall x1 |
| 38:23 | Shoko · wall_segment Stone Wall x3 |
| 38:38 | Shoko · wall_segment Stone Wall x2 |
| 39:34 | Shoko · first_market_buy 100 stone |
| 43:11 | DS_The Answer · first_market_buy 100 stone |
| 43:47 | DS_The Answer · first_building Siege Workshop |
| 44:05 | DS_The Answer · first_market_sell 100 food |
| 46:45 | DS_The Answer · resign |
[ AI ANALYSIS · 1 CREDIT ]
What really happened in this match?
Wolo.gg analyzes every decision: build order, eco, micro, common mistakes by bracket. Personalized analysis on WhatsApp or Discord in 30 seconds.
Civ guide
Khitans
Perfil
Jugador #25171883